 Dungeon Crawl Stone Soup version 0.24.1-14-gf8d2b509d9 (console) character file.

Game seed: 9527630895077644228, levelgen mode: deterministic

196 Kagalorn the Covered (level 5, -1/37 HPs)
             Began as a Gnoll Wanderer on Mar 3, 2021.
             Slain by an ogre
             ... wielding a +0 giant spiked club
              (24 damage)
             ... on level 4 of the Dungeon.
             The game lasted 00:05:59 (3396 turns).

Kagalorn the Covered (Gnoll Wanderer)               Turns: 3396, Time: 00:05:59

Health: -1/37      AC: 11    Str: 15    XL:     5   Next: 75%
Magic:  9/9        EV:  7    Int: 16    God:
Gold:   181        SH:  0    Dex: 13    Spells: 10/10 levels left

rFire    . . .     SeeInvis .   a - +0 mace
rCold    . . .     Gourm    .   (no shield)
rNeg     . . .     Faith    .   i - +0 chain mail
rPois    .         Spirit   .   s - +0 helmet
rElec    .         Reflect  .   (no cloak)
rCorr    .         Harm     .   (no gloves)
MR       .....                  (no boots)
Stlth    ..........             (no amulet)
HPRegen  0.12/turn              (no ring)
MPRegen  0.11/turn              (no ring)

@: no status effects
A: distributed training, fangs 1, strong nose
a: no special abilities


You were on level 4 of the Dungeon.
You were very hungry.

You visited 1 branch of the dungeon, and saw 4 of its levels.

You collected 181 gold pieces.

Inventory:

Hand Weapons
 a - a +0 mace (weapon)
Missiles
 d - 5 atropa-tipped darts
 e - 77 stones
 j - 47 arrows
 m - 17 bolts
 u - 5 boomerangs
 v - 4 silver boomerangs
 w - 19 poisoned darts (quivered)
Armour
 i - a +0 chain mail (worn)
 s - a +0 helmet (worn)
Wands
 b - a wand of enslavement (15)
Scrolls
 c - 2 scrolls of teleportation
 h - 3 scrolls of remove curse {unknown}
 n - 3 scrolls of identify {unknown}
 o - a scroll of magic mapping {unknown}
 r - a scroll of amnesia {unknown}
 t - a scroll of fear {unknown}
Potions
 g - 2 potions of ambrosia {unknown}
 k - 3 potions of curing {unknown}
 l - 2 potions of flight {unknown}
 p - a potion of invisibility {unknown}
 q - a potion of berserk rage {unknown}
Comestibles
 f - 4 rations


   Skills:
 + Level 1.6 Fighting
 + Level 1.6 Short Blades
 + Level 1.6 Long Blades
 + Level 1.6 Axes
 + Level 4.8 Maces & Flails
 + Level 1.6 Polearms
 + Level 1.6 Staves
 + Level 1.6 Slings
 + Level 1.6 Bows
 + Level 1.6 Crossbows
 + Level 1.6 Throwing
 + Level 6.7 Armour
 + Level 1.6 Dodging
 + Level 2.8 Stealth
 + Level 1.6 Shields
 + Level 1.6 Unarmed Combat
 + Level 3.2 Spellcasting
 + Level 1.2 Conjurations
 + Level 1.2 Hexes
 + Level 1.2 Charms
 + Level 1.2 Summonings
 + Level 2.4 Necromancy
 + Level 2.4 Translocations
 + Level 1.2 Transmutations
 + Level 1.2 Fire Magic
 + Level 1.2 Ice Magic
 + Level 1.2 Air Magic
 + Level 1.2 Earth Magic
 + Level 1.2 Poison Magic
 + Level 1.8 Invocations
 + Level 3.0 Evocations


You had 10 spell levels left.
You didn't know any spells.
Your spell library was empty.

Dungeon Overview and Level Annotations

Branches:
Dungeon (4/15)
 Temple: D:4-7

Altars:
Kikubaaqudgha
Qazlal


Innate Abilities, Weirdness & Mutations

Your experience applies equally to all skills.
You have very sharp teeth.
Your uncanny sense of smell can sniff out nearby items.


Message History

You throw a poisoned dart. The poisoned dart hits the ogre.
The ogre looks even sicker.
Throwing (i - inventory. (/) - cycle)
w - 20 poisoned darts (quivered)
Press: ? - help, Shift-Dir - straight line, f/p - ogre
Aim: an ogre, wielding a +0 giant spiked club (poisoned)
You throw a poisoned dart. The poisoned dart hits the ogre.
The ogre looks as sick as possible!
There is a stone staircase leading up, spattered with blood here.
Press: ? - help, v - describe, . - travel
Here: an ogre, wielding a +0 giant spiked club (moderately wounded, poisoned)
The floor.
Your chain mail prevents you from hitting the ogre.
The ogre is moderately wounded.
The ogre hits you with a +0 giant spiked club!
Your chain mail prevents you from hitting the ogre.
You bite the ogre, but do no damage.
The ogre is moderately wounded.
The ogre hits you with a +0 giant spiked club!!
Ouch! That really hurt!
You die...

# #. ###..####
#.......# #@# #O##
#..### ### #.<..#
.....#####)...######.#
.......))............#
####..###.)...########
#. #.....# # ###.###


You could see an ogre.

Vanquished Creatures
  An orc priest (D:3)
  3 gnolls
  5 adders
  A worm (D:2)
  3 leopard geckos
  6 orcs
  11 bats
  3 giant cockroaches (D:2)
  9 goblins
  8 hobgoblins
  12 jackals
  6 kobolds
  A ball python (D:2)
  6 frilled lizards
  2 rats
77 creatures vanquished.

Vanquished Creatures (others)
  5 toadstools (D:2)
5 creatures vanquished.

Grand Total: 82 creatures vanquished

Notes
Turn   | Place    | Note
-------+----------+-------------------------------------------
     0 | D:1      | Kagalorn the Gnoll Wanderer began the quest for the Orb.
     0 | D:1      | Kagalorn set off with the following items: a +0 mace, a
                  | wand of enslavement (15), a scroll of teleportation, a +0
                  | robe, a ration
     0 | D:1      | Reached XP level 1. HP: 13/13 MP: 4/4
   111 | D:1      | Reached XP level 2. HP: 9/19 MP: 5/5
   615 | D:1      | Reached XP level 3. HP: 25/25 MP: 7/7
   938 | D:2      | Reached skill level 1 in Invocations
  1251 | D:2      | Reached skill level 1 in Fighting
  1251 | D:2      | Reached skill level 1 in Short Blades
  1251 | D:2      | Reached skill level 1 in Long Blades
  1251 | D:2      | Reached skill level 1 in Axes
  1251 | D:2      | Reached skill level 1 in Polearms
  1251 | D:2      | Reached skill level 1 in Staves
  1251 | D:2      | Reached skill level 1 in Slings
  1251 | D:2      | Reached skill level 1 in Bows
  1251 | D:2      | Reached skill level 1 in Crossbows
  1251 | D:2      | Reached skill level 1 in Throwing
  1251 | D:2      | Reached skill level 1 in Dodging
  1251 | D:2      | Reached skill level 1 in Shields
  1251 | D:2      | Reached skill level 1 in Unarmed Combat
  1474 | D:2      | Reached XP level 4. HP: 32/32 MP: 8/8
  2067 | D:2      | Reached skill level 1 in Conjurations
  2067 | D:2      | Reached skill level 1 in Hexes
  2067 | D:2      | Reached skill level 1 in Charms
  2067 | D:2      | Reached skill level 1 in Summonings
  2067 | D:2      | Reached skill level 1 in Transmutations
  2067 | D:2      | Reached skill level 1 in Fire Magic
  2067 | D:2      | Reached skill level 1 in Ice Magic
  2067 | D:2      | Reached skill level 1 in Air Magic
  2067 | D:2      | Reached skill level 1 in Earth Magic
  2067 | D:2      | Reached skill level 1 in Poison Magic
  2540 | D:3      | Found an ancient bone altar of Kikubaaqudgha.
  2550 | D:3      | Found a stormy altar of Qazlal.
  2607 | D:3      | Reached XP level 5. HP: 27/37 MP: 9/9
  3381 | D:4      | Noticed an ogre
  3396 | D:4      | Slain by an ogre

Levels and vault maps discovered:
D:1:      minmay_arrival_hallway, layout_loops_ring
D:2:      layout_loops_corners, minmay_gold_behind_fungi,
          kennysheep_generic_room_15
D:3:      layout_rooms, amethyst_overflow_temple_binary, minmay_statues_item
D:4:      layout_loops_ring, dk_noncrumbling_3, minivault_25

Skill      XL: |  1  2  3  4  5 |
---------------+----------------+-----
Necromancy     | 2 |  2.4
Translocations | 2 |  2.4
Invocations    | 1 |  1.8
Fighting       | 1 |  1.6
Short Blades   | 1 |  1.6
Long Blades    | 1 |  1.6
Axes           | 1 |  1.6
Polearms       | 1 |  1.6
Staves         | 1 |  1.6
Slings         | 1 |  1.6
Bows           | 1 |  1.6
Crossbows      | 1 |  1.6
Throwing       | 1 |  1.6
Dodging        | 1 |  1.6
Shields        | 1 |  1.6
Unarmed Combat | 1 |  1.6
Spellcasting   | 3 |  3.2
Conjurations   | 1 |  1.2
Hexes          | 1 |  1.2
Charms         | 1 |  1.2
Summonings     | 1 |  1.2
Transmutations | 1 |  1.2
Fire Magic     | 1 |  1.2
Ice Magic      | 1 |  1.2
Air Magic      | 1 |  1.2
Earth Magic    | 1 |  1.2
Poison Magic   | 1 |  1.2
Evocations     | 3 |  3.0
Maces & Flails | |  4.8
Armour         | |  6.7
Stealth        | |  2.8

Action                   |  1- 3 |  4- 6 || total
-------------------------+-------+-------++-------
Melee: Mace              |   146 |   204 ||   350
       Bite              |     8 |    22 ||    30
Throw: Dart              |       |     4 ||     4
  Eat: Chunk             |     2 |     5 ||     7
Armor: Chain mail        |   150 |   173 ||   323
Dodge: Dodged            |    86 |    98 ||   184
